 Dungeon Crawl Stone Soup version 0.31.0-11-ge490571c62 (webtiles) character file.

Game seed: 3893430741710479140

193 Sobieck the Shooter (level 5, 46/46 HPs)
             Began as a Minotaur Hunter on Feb 2, 2024.
             Was a Follower of Vehumet.
             Got out of the dungeon alive.
             The game lasted 00:03:44 (3075 turns).

Sobieck the Shooter (Minotaur Hunter)               Turns: 3075, Time: 00:03:45

Health: 46/46      AC:  3    Str: 15    XL:     5   Next: 43%
Magic:  4/4        EV: 13    Int:  6    God:    Vehumet [*.....]
Gold:   118        SH:  5    Dex: 16    Spells: 4/4 levels left

rFire   . . .        a - +0 shortbow
rCold   . . .        (shield currently unavailable)
rNeg    . . .        c - +0 leather armour
rPois   .            (helmet restricted)
rElec   .            (no cloak)
rCorr   .            (no gloves)
SInv    .            (no boots)
Will    .....        o - amulet of reflection
Stlth   +            (no ring)
HPRegen 0.27/turn    (no ring)
MPRegen 0.09/turn

%: reflection
@: no status effects
A: horns 2, retaliatory headbutt
a: Renounce Religion


You escaped.
You worshipped Vehumet.
Vehumet was aware of your devotion.
You visited 1 branch of the dungeon, and saw 3 of its levels.

You collected 118 gold pieces.

Inventory:

Hand Weapons
 a - a +0 shortbow (weapon)
Armour
 c - a +0 leather armour (worn)
Jewellery
 o - an amulet of reflection (around neck)
Wands
 P - a wand of paralysis (7)
Scrolls
 b - a scroll of silence {unknown}
 e - a scroll of fog {unknown}
 g - a scroll of revelation {unknown}
 j - a scroll of enchant weapon {unknown}
 k - 3 scrolls of identify {unknown}
 l - a scroll of enchant armour {unknown}
 n - a scroll of poison {unknown}
 T - a scroll of teleportation
Potions
 f - 2 potions of haste {unknown}
 h - a potion of degeneration {unknown}
 i - 2 potions of mutation {unknown}
 m - a potion of cancellation {unknown}
 p - 2 potions of lignification {unknown}


   Skills:
 + Level 4.0 Fighting
 * Level 6.1 Ranged Weapons
 + Level 3.6 Dodging
 - Level 0.7 Stealth


You had 4 spell levels left.
You didn't know any spells.
Your spell library contained the following spells:

 Spells                   Type           Power      Damage    Failure   Level
 Shock                    Conj/Air       0%         1d3       52%         1
 Summon Small Mammal      Summ           0%         N/A       52%         1
 Call Canine Familiar     Summ           0%         N/A       88%         3
 Summon Blazeheart Golem  Fire/Summ      0%         N/A       99%         4


Dungeon Overview and Level Annotations

Branches:
Dungeon (3/15)

Altars:
Fedhas
Nemelex Xobeh
Vehumet
Xom

Shops:
D:2 :

Annotations:
D:2 Robin


Innate Abilities, Weirdness & Mutations

You have a pair of horns on your head.
You reflexively headbutt those who attack you in melee.


Message History

You climb upwards.
Level annotation: Ijyb, Robin
There is a stone staircase leading down here.
You can't go up here!
Unknown command.
You shoot an arrow. The arrow closely misses Ijyb.
Ijyb shouts!
You shoot an arrow. The arrow hits Ijyb!
Ijyb is moderately wounded.
You shoot an arrow. The arrow closely misses Ijyb.
You shoot an arrow. The arrow hits Ijyb but does no damage.
Ijyb is moderately wounded.
You shoot an arrow. The arrow barely misses Ijyb.
Ijyb zaps a wand.
You resist with some effort.
You shoot an arrow. The arrow hits Ijyb but does no damage.
Ijyb is moderately wounded.
Ijyb zaps a wand.
You resist with some effort.
Ijyb zaps a wand.
You resist with some effort.
You shoot an arrow. The arrow hits Ijyb.
Ijyb is severely wounded.
Ijyb zaps a wand.
You resist with some effort.
You shoot an arrow. The arrow hits Ijyb but does no damage.
Ijyb is severely wounded.
You shoot an arrow. The arrow closely misses Ijyb.
You shoot an arrow. The arrow hits Ijyb.
Ijyb is severely wounded.
Ijyb hits you with a +0 dagger.
You shoot an arrow. The arrow barely misses Ijyb.
Ijyb screams, "I no like you!" Ijyb completely misses you.
You furiously retaliate!
You headbutt Ijyb!
You kill Ijyb!
Vehumet accepts your kill.
Your Fighting skill increases to level 4!
No target in view!
No target in view!
No target in view!
No target in view!
P - a wand of paralysis (7)
Things that are here:
a +0 dagger; a +0 ring mail HP restored.
There is a stone staircase leading up here.
You climb upwards.
There is a stone staircase leading down here.
There is a stone staircase leading down here.
There is an open door here.
You enter the shallow water.
Moving in this stuff is going to be slow.
There is a staircase leading out of the dungeon here.
You have escaped!

.........#.#..#######.# #.#
#.
..#.........(.........#####.#
#.
.............#.#.#.#.#......#
#.
...#...#.#..#.#.#.#.#.#.#####
#. ..........#.##.#.#.#.##.#
#. .#.....##.#.#.#.#.#.#.#.#
#. .....#....#.##.≈≈≈≈~.##.#
#. ..............#≈...~#...#
#. .............#.≈@..~.##.#
#. ###########.#.#≈...~#.#.#
#. ......# #.##.≈≈≈≈~.##.# #.
#####.# #...#.#.#.#.#.# #.
#.# #.##.#.#.#.##.# #. #.#
#.#.#.#.#.#.#.# #. #.#
#.##.#.#.#.##.########^ #.#
#.........#............ #.#
#########.#.#.#########


There were no monsters in sight!

Vanquished Creatures
  Ijyb (D:2)
  An orc wizard (D:3)
  A hound zombie (D:3)
  A hound skeleton (D:3)
  2 adders
  An adder zombie (D:3)
  A dart slug (D:3)
  2 ribbon worms
  7 orcs (D:3)
  3 ball pythons (D:2)
  6 endoplasms
  2 giant cockroaches
  10 goblins
  12 hobgoblins
  4 jackals
  3 quokkas
  4 bats
  5 frilled lizards
  5 kobolds
  2 rats (D:2)
73 creatures vanquished.

Notes
Turn   | Place    | Note
-------+----------+-------------------------------------------
     0 | D:1      | Sobieck the Minotaur Hunter began the quest for the Orb.
     0 | D:1      | Reached XP level 1. HP: 18/18 MP: 0/0
   224 | D:1      | Reached XP level 2. HP: 24/25 MP: 1/1
   883 | D:2      | Found a shimmering altar of Xom.
   997 | D:2      | Reached skill level 3 in Fighting
   997 | D:2      | Reached skill level 5 in Ranged Weapons
  1022 | D:2      | Reached XP level 3. HP: 31/31 MP: 2/2
  1454 | D:2      | Found Weczyidd's Book Boutique.
  1817 | D:3      | Reached skill level 3 in Dodging
  1868 | D:3      | Reached XP level 4. HP: 13/38 MP: 3/3
  2215 | D:3      | Found a blossoming altar of Fedhas.
  2226 | D:3      | Found a sparkling altar of Nemelex Xobeh.
  2233 | D:3      | Noticed Ijyb
  2234 | D:3      | Noticed Robin
  2236 | D:3      | Paralysed by Ijyb for 3 turns
  2299 | D:3      | Paralysed by Ijyb for 4 turns
  2311 | D:2      | HP: 1/40 [Ijyb/+0 dagger (6)]
  2516 | D:3      | Reached XP level 5. HP: 46/46 MP: 4/4
  2546 | D:3      | Found a faded altar of an unknown god.
  2553 | D:3      | Prayed at the altar of an unknown god.
  2553 | D:3      | Became a worshipper of Vehumet
  2553 | D:3      | Reached * piety under Vehumet
  2553 | D:3      | Offered knowledge of Shock by Vehumet.
  2714 | D:3      | Reached skill level 6 in Ranged Weapons
  3027 | D:2      | Killed Ijyb
  3075 | D:$      | Got out of the dungeon alive.

Illustrated notes

Levels and vault maps discovered:
D:1:      ncdulo_watergridlock, layout_basic, minmay_misc_feat_more_columns
D:2:      layout_basic, basic_altar, serial_shops, nicolae_shop_tiny_glass,
          minmay_goblin_outpost
D:3:      minmay_inner_zag, layout_basic, mainiacjoe_overflow_large_starburst,
          serial_shops, shop, serial_undead, serial_undead_f, serial_undead_c,
          serial_undead_b, serial_undead_d,
          shapermc_ecumenical_altar_mp_ritualfount, nicolae_goblin_pals

Skill      XL: |  1  2  3  4  5 |
---------------+----------------+-----
Fighting       | 3 4 |  4.0
Ranged Weapons | 5 6 |  6.1
Dodging        | 3 |  3.6
Stealth        | |  0.7

Action                     |  1- 3 |  4- 6 || total
---------------------------+-------+-------++-------
   Fire: Shortbow          |   142 |    92 ||   234
    Use: Scroll            |       |     2 ||     2
 Armour: Leather armour    |    51 |    40 ||    91
  Dodge: Dodged            |    28 |    44 ||    72
  Block: Other             |       |     8 ||     8
